AoeStats
← Milaad

Fortress

507622361Analyzed
4v4 RM · 14d ago on Sep 19, 2026· 59m 19s· 8 players
Game mode
Random Map
Map size
Huge
Population
200
Speed
Normal
Resources
Standard
Victory
Conquest
Starting age
Dark Age
Ending age
Imperial Age
RankedLock teamsTeams togetherTeam positionsShared explorationLock speedFull tech treeHidden civsTurbo modeCheats
Victory
Defeat
🇺🇸 Teutons · United States
1234
+11
🇺🇸 Malay · United States
1122
+15
🇦🇺 Persians · Australia
1082
+17
🇺🇸 Bohemians · United States
1076
+17
🇺🇸 Italians · United States
1177
-19
🇺🇸 Turks · United States
1117
-15
🇺🇸 Mongols · United States
1109
-15
🇺🇸 Goths · United States
1005
-11
Streetlamp Le Moose
0:31 Loom
8:26 Feudal Age
10:06 Horse Collar
10:13 Double-Bit Axe
14:35 Castle Age
13:55 Wheelbarrow
14:48 Fletching
18:47 Bloodlines
22:48 Husbandry
24:07 Heavy Plow
26:04 Bodkin Arrow
28:30 Hand Cart
28:00 Town Watch
28:31 Bow Saw
32:19 Ballistics
32:11 Masonry
33:41 Gold Mining
33:44 Stone Mining
37:13 Imperial Age
34:53 Padded Archer Armor
35:36 Murder Holes
35:07 Light Cavalry
36:51 Forging
36:49 Scale Barding Armor
36:59 Leather Archer Armor
37:33 Hussar
39:11 Iron Casting
40:02 Conscription
40:41 Bracer
41:45 Chemistry
41:49 Elite Mangudai
43:51 Blast Furnace
50:22 Chain Barding Armor
51:59 Thumb Ring
52:20 Parthian Tactics
51:52 Elite Skirmisher
53:31 Hoardings
rashbalash
1:54 Loom
8:16 Feudal Age
14:17 Castle Age
13:22 Double-Bit Axe
13:21 Horse Collar
16:18 Anarchy
16:29 Squires
16:36 Scale Mail Armor
18:56 Heavy Plow
25:01 Wheelbarrow
27:30 Bow Saw
27:49 Chain Mail Armor
27:59 Forging
28:36 Pikeman
30:34 Stone Mining
30:41 Gold Mining
33:48 Imperial Age
38:18 Halberdier
39:32 Conscription
40:23 Iron Casting
48:42 Town Watch
51:44 Elite Skirmisher
52:28 Padded Archer Armor
52:19 Fletching
Cthpoolu
9:18 Feudal Age
9:43 Double-Bit Axe
12:52 Castle Age
10:36 Horse Collar
10:54 Gold Mining
16:12 Loom
16:39 Fletching
16:50 Padded Archer Armor
27:30 Ballistics
29:17 Bow Saw
33:51 Wheelbarrow
38:59 Bodkin Arrow
46:07 Imperial Age
48:00 Chemistry
47:16 Bracer
47:29 Fortified Wall
48:19 Scale Mail Armor
48:29 Forging
52:22 Caravan
54:02 Pirotechnia
54:49 Chain Mail Armor
55:20 Iron Casting
55:10 Hand Cart
54:50 Pikeman
Milaad
3:11 Loom
8:22 Feudal Age
9:02 Horse Collar
9:09 Double-Bit Axe
14:00 Castle Age
16:21 Bow Saw
18:54 Heavy Plow
19:02 Gold Mining
21:35 Wheelbarrow
25:41 Imperial Age
23:49 Padded Archer Armor
23:39 Fletching
25:20 Leather Archer Armor
25:01 Bodkin Arrow
26:17 Bloodlines
26:08 Husbandry
27:59 Bracer
30:29 Gold Shaft Mining
31:43 Thumb Ring
32:01 Scale Barding Armor
32:07 Forging
37:27 Fortified Wall
cedric
7:13 Feudal Age
11:07 Castle Age
10:02 Double-Bit Axe
11:55 Loom
13:37 Bow Saw
15:37 Wheelbarrow
16:13 Horse Collar
21:15 Heavy Plow
21:42 Scale Mail Armor
21:52 Forging
21:37 Fletching
21:58 Forging
21:50 Scale Mail Armor
23:26 Hand Cart
23:43 Town Watch
24:00 Bodkin Arrow
24:07 Padded Archer Armor
23:29 Pikeman
28:18 Imperial Age
26:47 Leather Archer Armor
27:08 Iron Casting
26:49 Chain Mail Armor
27:58 Chemistry
29:27 Fortified Wall
29:13 Murder Holes
29:40 Ballistics
30:23 Caravan
30:46 Squires
30:32 Arson
30:07 Pikeman
31:13 Conscription
30:42 Elite Skirmisher
31:17 Halberdier
32:39 Bracer
33:11 Ring Archer Armor
34:57 Plate Mail Armor
36:32 Wagenburg Tactics
38:29 Siege Engineers
47:25 Houfnice
56:00 Blast Furnace
58:10 Sappers
58:08 Spies/Treason
jules
8:38 Feudal Age
12:27 Castle Age
10:44 Horse Collar
10:50 Double-Bit Axe
11:08 Fletching
15:03 Elite Skirmisher
21:30 Scale Mail Armor
27:52 Wheelbarrow
28:01 Bow Saw
29:53 Town Watch
33:02 Imperial Age
30:37 Padded Archer Armor
32:21 Bodkin Arrow
32:41 Leather Archer Armor
32:56 Hand Cart
35:32 Ballistics
36:34 Elite Teutonic Knight
38:24 Chemistry
37:29 Onager
38:25 Pikeman
40:15 Halberdier
41:24 Heavy Scorpion
42:22 Squires
42:38 Chain Mail Armor
42:33 Forging
46:17 Coinage
45:38 Capped Ram
47:02 Ironclad
47:47 Siege Engineers
51:02 Caravan
52:46 Crenellations
53:27 Ring Archer Armor
53:30 Fortified Wall
54:54 Masonry
56:23 Plate Mail Armor
58:09 Spies/Treason
Eight
9:09 Feudal Age
12:45 Castle Age
11:04 Arson
11:13 Double-Bit Axe
11:21 Horse Collar
12:31 Squires
12:43 Arson
15:18 Forging
18:45 Iron Casting
26:04 Wheelbarrow
25:15 Loom
28:51 Bow Saw
32:22 Hand Cart
31:54 Town Watch
36:48 Imperial Age
36:20 Gold Mining
36:53 Conscription
37:36 Blast Furnace
36:06 Elite Karambit Warrior
42:21 Heavy Plow
47:30 Guilds
48:56 Caravan
58:22 Spies/Treason
DeltaOrion
8:03 Feudal Age
12:13 Castle Age
10:24 Horse Collar
10:59 Double-Bit Axe
14:06 Wheelbarrow
13:44 Bow Saw
13:42 Heavy Plow
17:29 Wheelbarrow
18:33 Hand Cart
18:05 Loom
20:15 Stone Mining
20:22 Gold Mining
21:10 Town Watch
22:05 Stone Shaft Mining
22:05 Gold Shaft Mining
24:16 Forging
24:11 Scale Barding Armor
23:58 Fletching
26:00 Iron Casting
29:01 Imperial Age
26:55 Bloodlines
26:45 Husbandry
27:16 Caravan
27:37 Chain Barding Armor
27:14 Bodkin Arrow
29:22 Ballistics
28:59 Murder Holes
29:18 Masonry
29:12 Kamandaran
29:07 Cavalier
30:40 Hoardings
31:26 Plate Barding Armor
30:47 Savar
33:31 Light Cavalry
37:37 Coinage
57:39 Spies/Treason
Connection lost

Rejoining the realm…

Still unreachable

The connection could not be restored.

Session expired

The server has moved on; the page needs a fresh start.